 Dungeon Crawl Stone Soup version 0.30-a0-313-gae38170b09 (webtiles) character file.

Game seed: 16037596572162751056

151 retardedninja the Chopper (level 5, -5/46 HPs)
             Began as a Hill Orc Fighter on Oct 26, 2022.
             Slain by an orc
             ... wielding a +0 flail
              (7 damage)
             ... on level 3 of the Dungeon.
             The game lasted 00:03:09 (1916 turns).

retardedninja the Chopper (Hill Orc Fighter)        Turns: 1916, Time: 00:03:10

Health: -5/46      AC:  8    Str: 21    XL:     5   Next: 33%
Magic:  0/5        EV:  9    Int:  8    God:
Gold:   44         SH:  4    Dex: 10    Spells: 4/4 levels left

rFire   . . .      SeeInvis .    a - +0 war axe
rCold   . . .      Faith    .    c - +0 buckler
rNeg    . . .      Spirit   +    b - +0 scale mail
rPois   .          Reflect  .    (no helmet)
rElec   .          Harm     .    (no cloak)
rCorr   .          Rampage  .    o - +0 pair of gloves
Will    .....                    (no boots)
Stlth   ..........               q - amulet of guardian spirit
HPRegen 0.27/turn                (no ring)
MPRegen 0.09/turn                (no ring)

@: mighty
A: no striking features
a: no special abilities


You were on level 3 of the Dungeon.
You visited 1 branch of the dungeon, and saw 3 of its levels.

You collected 44 gold pieces.

Inventory:

Hand Weapons
 a - a +0 war axe (weapon)
Missiles
 k - a javelin (quivered)
Armour
 b - a +0 scale mail (worn)
 c - a +0 buckler (worn)
 o - a +0 pair of gloves (worn)
Jewellery
 q - an amulet of guardian spirit (around neck)
Scrolls
 e - 6 scrolls of identify {unknown}
 f - a scroll of enchant weapon {unknown}
 i - 3 scrolls of teleportation {unknown}
 l - a scroll of enchant armour {unknown}
 m - a scroll of fog {unknown}
 n - a scroll of poison {unknown}
 p - a scroll of blinking {unknown}
 r - 2 scrolls of summoning {unknown}
Potions
 g - a potion of lignification {unknown}
 h - 2 potions of curing {unknown}
 j - 2 potions of heal wounds {unknown}


   Skills:
 + Level 4.1 Fighting
 + Level 4.2 Axes
 + Level 2.1 Throwing
 + Level 4.1 Armour
 + Level 0.2 Dodging
 + Level 0.1 Stealth
 + Level 3.7 Shields


You had 4 spell levels left.
You didn't know any spells.
Your spell library was empty.

Dungeon Overview and Level Annotations

Branches:
Dungeon (3/15)

Altars:


Message History

The orc hits you with a +0 flail! Something hits you but does no damage.
You bump into the rock wall.
The orc closely misses you. Something hits you but does no damage.
Your unstable footing causes you to fumble your attack.
The orc barely misses you. Something hits you but does no damage.
The orc barely misses you.
You slash something!
You hear a splash. x2
Reactivating autopickup.
You feel a bit more experienced.
You closely miss the orc. The orc hits you with a +0 flail!
Your Throwing skill increases to level 2!
The orc attacks as you move away! The orc closely misses you.
You feel less confused. The orc barely misses you.
You hit the orc.
The orc is moderately wounded.
The orc hits you with a +0 flail.
* * * LOW HITPOINT WARNING * * *
You hit the orc.
The orc is almost dead.
The orc hits you with a +0 flail!
* * * LOW HITPOINT WARNING * * *
You closely miss the orc.
The orc is almost dead.
The orc barely misses you.
You barely miss the orc.
The orc is almost dead.
The orc closely misses you. The orc barely misses you.
You closely miss the orc.
The orc is almost dead.
The orc hits you but does no damage.
You completely miss the orc.
The orc is almost dead.
The orc hits you with a +0 flail.
* * * LOW HITPOINT WARNING * * *
You barely miss the orc.
The orc is almost dead.
You block the orc's attack. The orc hits you with a +0 flail!
You die...

#.#........# .###
#.#........ ## #.........
##......#. ## . ##...#.###
.####.. #....#..#####
#####.......
#.#.#.#.#...###...~~.~....
#...............~~..~~...~
#.#†#.#.#.####@o)~~≈~~~~~~
#.........# ##~.≈≈~≈~~≈≈~
###.#.#.### #.~≈≈~≈≈≈≈≈~
#.......# #~.≈~~.♣~≈≈~
##.#.#.## #~~~≈~♣_♣~≈~
#.......# #~≈≈≈≈~..≈≈~
##.#.#.## #~≈≈≈≈~≈~≈≈~
#...>...# #~.~≈≈≈≈≈≈≈
##.#.#.## #.~~~~~~~


You could see an orc.

Vanquished Creatures
  2 orc wizards (D:3)
  3 adders
  3 worms
  4 dart slugs
  An orc (D:3)
  4 endoplasms
  5 giant cockroaches
  A goblin (D:2)
  6 hobgoblins
  2 jackals (D:1)
  2 quokkas
  4 ball pythons
  5 bats (D:1)
  4 frilled lizards
  6 kobolds
  7 rats
59 creatures vanquished.

Notes
Turn   | Place    | Note
-------+----------+-------------------------------------------
     0 | D:1      | retardedninja the Hill Orc Fighter began the quest for the
                  | Orb.
     0 | D:1      | Reached XP level 1. HP: 19/19 MP: 1/1
    49 | D:1      | Reached XP level 2. HP: 22/27 MP: 2/2
   191 | D:1      | Reached XP level 3. HP: 31/33 MP: 3/3
   851 | D:2      | Reached skill level 1 in Throwing
   860 | D:2      | Reached XP level 4. HP: 40/40 MP: 4/4
  1888 | D:3      | Found a faded altar of an unknown god.
  1903 | D:3      | Reached XP level 5. HP: 26/46 MP: 2/5
  1915 | D:3      | HP: 1/46 [orc/+0 flail (4)]
  1916 | D:3      | Slain by an orc

Illustrated notes

Levels and vault maps discovered:
D:1:      wander_arrival_peaceful_grave, layout_rooms, minmay_pentomino_v4
D:2:      layout_basic, kennysheep_generic_room_9
D:3:      layout_rooms, chequers_ecumenical_altar_island, st_stairs_12,
          goddamned_bats

Skill      XL: |  1  2  3  4  5 |
---------------+----------------+-----
Fighting       | 4 |  4.1
Axes           | 3 4 |  4.2
Throwing       | 1 2 |  2.1
Armour         | 4 |  4.1
Dodging        | |  0.2
Stealth        | |  0.1
Shields        | |  3.7

Action                   |  1- 3 |  4- 6 || total
-------------------------+-------+-------++-------
Melee: War axe           |    58 |    55 ||   113
Throw: Javelin           |    40 |    17 ||    57
  Use: Potion            |       |     1 ||     1
Armor: Scale mail        |    54 |    27 ||    81
Dodge: Dodged            |    33 |    26 ||    59
Block: Buckler           |    17 |    11 ||    28

Table legend: (Time is in decaauts)
 A = Elapsed time spent in this place.
 B = Non-inter-level travel time spent in this place.
 C = Inter-level travel time spent in this place.
 D = Time resting spent in this place.
 E = Time spent auto-exploring this place.
 F = Levels seen in this place.
 G = Mean time per level.
                   A        B        C        D        E       F      G
               +--------+--------+--------+--------+--------+-----+--------+
         Total |   1989 |   1924 |     65 |    312 |   1225 |   3 |  663.0 |
       Dungeon |   1989 |   1924 |     65 |    312 |   1225 |   3 |  663.0 |
               +--------+--------+--------+--------+--------+-----+--------+

Top non-repeatable levels by time:
     D:2: 814 daAuts
     D:1: 618 daAuts
     D:3: 555 daAuts
